 Dungeon Crawl Stone Soup version 0.30.1-3-gfc49f6343a (webtiles) character file.

Game seed: 17228643770644513710

493 spardeous the Conjurer (level 6, -1/45 HPs)
             Began as a Demigod Conjurer on July 27, 2023.
             Slain by Pikel
             ... wielding a +2 whip of flaming
              (8 damage)
             ... on level 3 of the Dungeon.
             The game lasted 00:05:32 (3535 turns).

spardeous the Conjurer (Demigod Conjurer)           Turns: 3535, Time: 00:05:32

Health: -1/45      AC:  7    Str:  8    XL:     6   Next: 60%
Magic:  21/21      EV: 11    Int: 28    God:
Gold:   118        SH:  0    Dex: 18    Spells: 5/10 levels left

rFire   + + .        l - +3 scythe (freeze)
rCold   + . .        (shield currently unavailable)
rNeg    . . .        a - +2 leather armour {rF+}
rPois   .            (no helmet)
rElec   .            r - scarf {rC+ rF+}
rCorr   .            p - +0 pair of gloves
SInv    .            j - +0 pair of boots
Will    .....        i - amulet of magic regeneration
Stlth   ++           h - ring of magical power
HPRegen 0.27/turn    t - +6 ring of dexterity
MPRegen 0.57/turn

%: no passive effects
@: about to teleport
A: high MP 1, forlorn, divine attributes
a: no special abilities


You were on level 3 of the Dungeon.
You visited 1 branch of the dungeon, and saw 4 of its levels.

You collected 118 gold pieces.

Inventory:

Hand Weapons
 l - a +3 scythe of freezing (weapon)
Missiles
 s - a throwing net
Armour
 a - a +2 leather armour of fire resistance (worn)
 j - a +0 pair of boots (worn)
 p - a +0 pair of gloves (worn)
 r - a scarf of resistance (worn)
Jewellery
 h - a ring of magical power (left hand)
 i - an amulet of magic regeneration (around neck)
 t - a +6 ring of dexterity (right hand)
Scrolls
 d - a scroll of teleportation
 e - a scroll of immolation {unknown}
 g - 8 scrolls of identify {unknown}
 n - a scroll of enchant armour {unknown}
 o - a scroll of enchant weapon {unknown}
Potions
 b - a potion of magic
 c - 2 potions of lignification {unknown}
 f - a potion of berserk rage {unknown}
 k - a potion of degeneration {unknown}
 m - a potion of brilliance {unknown}
 q - a potion of mutation {unknown}


   Skills:
 - Level 1.7 Dodging
 - Level 1.7 Stealth
 + Level 2.5 Spellcasting
 - Level 7.3 Conjurations


You had 5 spell levels left.
You knew the following spells:

 Your Spells              Type           Power      Damage    Failure   Level
a - Magic Dart            Conj           100%       1d8       1%          1
b - Iskenderun's Mystic   Conj/Tloc      24%        2d7       28%         4

Your spell library contained the following spells:

 Spells                   Type           Power      Damage    Failure   Level
 Searing Ray              Conj           88%        2d7       1%          2
 Dazzling Flash           Conj/Hex       48%        N/A       9%          3
 Flame Wave               Conj/Fire      24%        2d8       28%         4
 Fulminant Prism          Conj/Hex       12%        3d8       28%         4
 Sticky Flame             Conj/Fire      24%        2d5       28%         4
 Inner Flame              Hex/Fire       3%         N/A       36%         3


Dungeon Overview and Level Annotations

Branches:
Dungeon (4/15)
 Temple: D:4-7

Shops:
D:1 [*(   D:2 =

Annotations:
D:3 Pikel


Innate Abilities, Weirdness & Mutations

You have an increased reservoir of magic. (+10% MP)
You shall have no god before yourself.
Your divine heritage dramatically boosts your attributes as you level up.


Message History

You take 9 damage, and have 22/45 hp.
You slash Pikel! You freeze Pikel.
Pikel is moderately wounded.
The lemure closely misses you. Pikel hits you but does no damage.
The lemure hits you but does no damage. Pikel closely misses you.
You hit Pikel but do no damage.
Pikel is moderately wounded.
The lemure hits you but does no damage. Pikel hits you but does no damage.
You closely miss Pikel.
Pikel is moderately wounded.
The lemure barely misses you. Pikel waves his whip at you.
Pikel hits you with a +2 whip of flaming.
* * * LOW HITPOINT WARNING * * *
The lemure hits you.
* * * LOW HITPOINT WARNING * * *
Pikel hits you with a +2 whip of flaming.
* * * LOW HITPOINT WARNING * * *
You take 8 damage, and have 15/45 hp.
You closely miss Pikel.
Pikel is lightly wounded.
The lemure hits you but does no damage. Pikel barely misses you.
You barely miss Pikel.
Pikel is lightly wounded.
The lemure hits you.
* * * LOW HITPOINT WARNING * * *
Pikel hits you but does no damage. The lemure closely misses you.
Pikel barely misses you.
You take 3 damage, and have 12/45 hp.
The lemure hits you.
* * * LOW HITPOINT WARNING * * *
You take 3 damage, and have 9/45 hp.
The lemure attacks as you move away! The lemure hits you.
* * * LOW HITPOINT WARNING * * *
You take 2 damage, and have 7/45 hp.
As you read the scroll labelled GIHOGGA AS DETIN, it crumbles to dust.
You feel strangely unstable.
It was a scroll of teleportation.
The lemure misses you.
Pikel hits you with a +2 whip of flaming!
You die...

#..# #...)...######
##.#####....####...##
.†)......#.####.....##
##.#######...........#
#..## ####........#
##..# ##.......# ####
##.....## ##.....##
#..@5...# #...K...#
#....>..# ##.....##
##...## #####


You could see Pikel and a lemure.

Vanquished Creatures
  Sigmund (D:2)
  A lemure (D:3)
  A hound (D:4)
  Jessica (D:2)
  An orc wizard (D:3)
  4 adders
  11 gnolls
  3 worms
  A dart slug (D:2)
  5 orcs (D:3)
  12 ball pythons
  5 bats
  2 endoplasms
  5 giant cockroaches
  9 hobgoblins
  6 jackals
  5 quokkas
  A frilled lizard (D:3)
  4 goblins
  8 kobolds
  2 rats (D:1)
88 creatures vanquished.

Notes
Turn   | Place    | Note
-------+----------+-------------------------------------------
     0 | D:1      | spardeous the Demigod Conjurer began the quest for the Orb.
     0 | D:1      | Reached XP level 1. HP: 14/14 MP: 5/5
   303 | D:1      | Reached skill level 4 in Conjurations
   329 | D:1      | Found Onnal's Armour Emporium.
   398 | D:1      | Reached XP level 2. HP: 20/20 MP: 4/7
   622 | D:1      | Found Eluhiag's General Store.
   669 | D:1      | Found Kied's Antique Weapon Shoppe.
  1559 | D:2      | Reached XP level 3. HP: 26/26 MP: 8/8
  1584 | D:2      | Found Ique's Jewellery Shoppe.
  1682 | D:2      | Noticed Sigmund
  1687 | D:2      | Killed Sigmund
  1688 | D:2      | Reached skill level 6 in Conjurations
  1688 | D:2      | Reached XP level 4. HP: 33/33 MP: 9/9
  1688 | D:2      | Reached XP level 5. HP: 38/38 MP: 10/10
  1696 | D:2      | Learned a level 4 spell: Iskenderun's Mystic Blast
  1810 | D:2      | Noticed Jessica
  1814 | D:2      | Killed Jessica
  2474 | D:3      | Reached XP level 6. HP: 45/45 MP: 11/11
  2522 | D:3      | Reached skill level 7 in Conjurations
  3494 | D:4      | Noticed Pikel
  3535 | D:3      | Slain by Pikel

Illustrated notes

Levels and vault maps discovered:
D:1:      dpeg_arrival_radiant, layout_basic,
          shapermc_ecumenical_altar_notcrosses, serial_shops,
          nicolae_shop_temple_entry_statues_fountains, nicolae_shop_dealshenge,
          shop, st_stairs_11
D:2:      layout_loops_ring, serial_shops, shop, uniq_sigmund, uniq_jessica
D:3:      layout_rooms
D:4:      layout_gridville, grunt_gozag_statues,
          hangedman_decor_clover_reticule, minivault_24, uniq_pikel

Skill      XL: |  1  2  3  4  5  6 |
---------------+-------------------+-----
Conjurations   | 4 6 7 |  7.3
Spellcasting   | 2 |  2.5
Dodging        | |  1.7
Stealth        | |  1.7

Action                     |  1- 3 |  4- 6 || total
---------------------------+-------+-------++-------
  Melee: Unarmed           |     2 |       ||     2
         Halberd           |       |    11 ||    11
   Cast: Magic Dart        |    69 |   153 ||   222
    Use: Scroll            |       |     1 ||     1
 Armour: Robe              |     4 |       ||     4
         Leather armour    |       |    21 ||    21
  Dodge: Dodged            |    34 |    35 ||    69
